General information
- name: BNet
- type: Ladder team game (AT/RT)
- host: Battle.net
- saver: angel-legna
map: Deadlock
- players: 8
- length: 50:30
- speed: Fast
- version: 1.26 W3XP
- replay type: Public
» download(421 KB)
Players
team 1 (loser)
neRoGAm1NG (
yellow | 99 APM | 3900 actions | 39:14)
6 Blademaster
3 Wind Walk
2 Critical Strike
1 Bladestorm
2 Tauren Chieftain
1 Shockwave
1 Endurance Aura
» actions
| Assign group hotkey | 32 | |
| Basic commands | 64 | |
| Build / train | 102 | |
| ESC pressed | 2 | |
| Enter build submenu | 25 | |
| Enter hero's abilities submenu | 7 | |
| Remove unit from queue | 1 | |
| Right click | 1562 | |
| Select / deselect | 410 | |
| Select group hotkey | 1521 | |
| Use ability | 174 | |
3900 total
» units
| Peon | 16 | |
| Troll Batrider | 27 | |
| Troll Witch Doctor | 1 | |
| Troll Headhunter/Berserker | 1 | |
45 total
» upgrades
| Liquid Fire | 1 | |
| Ranged Weapons | 3 | |
| Reinforced Defenses | 1 | |
| Witch Doctor Training | 2 | |
7 total
» buildings
| Altar of Storms | 2 | |
| Orc Burrow | 6 | |
| Voodoo Lounge | 1 | |
| War Mill | 1 | |
| Stronghold | 2 | |
| Fortress | 1 | |
| Beastiary | 4 | |
| Spirit Lodge | 2 | |
| Watch Tower | 3 | |
22 total
» build order
00:07 Altar of Storms
00:19 Orc Burrow
01:07 Voodoo Lounge
01:46 War Mill
02:35 Stronghold
02:51 Orc Burrow
04:58 Fortress
05:04 Beastiary
05:05 Beastiary
06:13 Orc Burrow
10:53 Beastiary
10:53 Beastiary
10:58 Spirit Lodge
11:16 Orc Burrow
19:10 Orc Burrow
21:23 Spirit Lodge
24:55 Watch Tower
24:56 Watch Tower
24:57 Watch Tower
34:05 Altar of Storms
35:14 Orc Burrow
» items
| Healing Salve | 4 | |
| Lesser Clarity Potion | 10 | |
| Scroll of Speed | 1 | |
| Boots of Speed | 1 | |
| Circlet of Nobility | 1 | |
| Potion of Healing | 5 | |
| Orb of Lightning | 1 | |
| Tiny Great Hall | 1 | |
| Scroll of Town Portal | 3 | |
| Potion of Mana | 1 | |
| Staff of Teleportation | 1 | |
| Potion of Lesser Invulnerability | 1 | |
| Tome of Retraining | 1 | |
31 total
Girgoo (
blue | 53 APM | 2690 actions | 50:29)
6 Mountain King
3 Storm Bolt
2 Bash
1 Avatar
5 Paladin
2 Holy Light
2 Divine Shield
1 Devotion Aura
1 Tauren Chieftain
1 Reincarnation
» actions
| Assign group hotkey | 79 | |
| Basic commands | 86 | |
| Build / train | 154 | |
| ESC pressed | 4 | |
| Enter build submenu | 48 | |
| Enter hero's abilities submenu | 13 | |
| Remove unit from queue | 3 | |
| Right click | 1093 | |
| Select / deselect | 681 | |
| Select group hotkey | 364 | |
| Use ability | 165 | |
2690 total
» units
| Peasant | 29 | |
| Footman | 10 | |
| Priest | 20 | |
| Gryphon Rider | 19 | |
| Spell Breaker | 3 | |
| Shaman | 1 | |
| Troll Headhunter/Berserker | 18 | |
| Peon | 2 | |
102 total
» upgrades
| Lumber Harvesting | 2 | |
| Masonry | 3 | |
| Priest Training | 2 | |
| Storm Hammers | 1 | |
| Animal War Training | 1 | |
| Armor | 3 | |
| Swords | 3 | |
15 total
» buildings
| Barracks | 4 | |
| Altar of Kings | 3 | |
| Farm | 16 | |
| Lumber Mill | 1 | |
| Scout Tower | 12 | |
| Arcane Tower | 1 | |
| Keep | 1 | |
| Town Hall | 8 | |
| Castle | 1 | |
| Arcane Sanctum | 1 | |
| Gryphon Aviary | 3 | |
| Blacksmith | 1 | |
| Arcane Vault | 1 | |
| Guard Tower | 5 | |
| War Mill | 1 | |
| Stronghold | 1 | |
| Great Hall | 1 | |
61 total
» build order
00:10 Barracks
00:12 Altar of Kings
00:51 Farm
01:10 Lumber Mill
01:36 Farm
01:41 Farm
01:45 Farm
01:59 Farm
02:55 Scout Tower
03:30 Arcane Tower
03:51 Keep
04:38 Town Hall
06:40 Castle
07:55 Scout Tower
08:14 Arcane Sanctum
08:39 Gryphon Aviary
08:41 Gryphon Aviary
12:26 Farm
12:27 Farm
12:40 Farm
12:41 Farm
12:54 Blacksmith
17:17 Arcane Vault
18:51 Town Hall
19:33 Scout Tower
20:39 Scout Tower
20:40 Scout Tower
20:40 Scout Tower
20:41 Scout Tower
20:52 Scout Tower
20:54 Guard Tower
21:04 Gryphon Aviary
21:14 Guard Tower
21:26 Guard Tower
21:27 Guard Tower
21:27 Guard Tower
22:06 Town Hall
22:56 Town Hall
24:32 Scout Tower
24:33 Scout Tower
24:34 Scout Tower
24:34 Scout Tower
28:15 Town Hall
30:04 Town Hall
36:26 Barracks
36:27 Barracks
36:28 Barracks
38:27 Altar of Kings
38:32 Town Hall
39:36 Farm
39:36 Farm
39:36 Farm
39:55 War Mill
41:14 Farm
42:31 Farm
42:47 Stronghold
44:40 Farm
45:20 Farm
46:23 Town Hall
46:32 Altar of Kings
47:53 Great Hall
» items
| Scroll of Town Portal | 6 | |
| Periapt of Vitality | 2 | |
| Boots of Speed | 2 | |
10 total

»
Sh[a]rp- (
teal | 54 APM | 1773 actions | 32:53)
5 Tauren Chieftain
2 War Stomp
3 Endurance Aura
4 Shadow Hunter
2 Hex
2 Healing Wave
» actions
| Assign group hotkey | 105 | |
| Basic commands | 10 | |
| Build / train | 111 | |
| Enter build submenu | 25 | |
| Enter hero's abilities submenu | 10 | |
| Give item / drop item | 2 | |
| Remove unit from queue | 2 | |
| Right click | 485 | |
| Select / deselect | 487 | |
| Select group hotkey | 404 | |
| Use ability | 132 | |
1773 total
» units
| Peon | 16 | |
| Troll Headhunter/Berserker | 23 | |
| Troll Witch Doctor | 14 | |
| Shaman | 2 | |
| Demolisher | 5 | |
60 total
» upgrades
| Ranged Weapons | 3 | |
| Armor | 3 | |
| Troll Regeneration | 1 | |
| Shaman Training | 2 | |
| Witch Doctor Training | 2 | |
| Berserker Upgrade | 1 | |
| Spiked Barricades | 1 | |
| Burning Oil | 1 | |
| Reinforced Defenses | 1 | |
15 total
» buildings
| War Mill | 1 | |
| Orc Burrow | 6 | |
| Barracks | 2 | |
| Altar of Storms | 1 | |
| Voodoo Lounge | 1 | |
| Great Hall | 2 | |
| Stronghold | 1 | |
| Fortress | 1 | |
| Spirit Lodge | 2 | |
| Watch Tower | 8 | |
25 total
» build order
00:21 War Mill
00:26 Orc Burrow
01:06 Barracks
01:22 Altar of Storms
01:35 Orc Burrow
02:16 Barracks
02:34 Voodoo Lounge
03:15 Orc Burrow
04:32 Great Hall
05:23 Stronghold
06:14 Orc Burrow
07:30 Orc Burrow
07:51 Fortress
08:17 Spirit Lodge
08:19 Spirit Lodge
20:16 Orc Burrow
23:42 Great Hall
23:45 Watch Tower
23:47 Watch Tower
23:48 Watch Tower
23:50 Watch Tower
25:36 Watch Tower
25:38 Watch Tower
25:41 Watch Tower
25:43 Watch Tower
» items
| Healing Salve | 2 | |
| Lesser Clarity Potion | 4 | |
| Scroll of Speed | 4 | |
| Scroll of Town Portal | 7 | |
| Scroll of Protection | 1 | |
| Scroll of Healing | 1 | |
| Orb of Lightning | 1 | |
20 total

»
guttapercha (
pink | 37 APM | 1868 actions | 50:08)
7 Demon Hunter
3 Immolation
3 Evasion
1 Metamorphosis
1 Tauren Chieftain
1 Reincarnation
1 Shadow Hunter
1 Healing Wave
» actions
| Assign group hotkey | 22 | |
| Basic commands | 85 | |
| Build / train | 125 | |
| Enter build submenu | 45 | |
| Enter hero's abilities submenu | 9 | |
| Give item / drop item | 1 | |
| Remove unit from queue | 1 | |
| Right click | 697 | |
| Select / deselect | 598 | |
| Select group hotkey | 170 | |
| Use ability | 114 | |
1868 total
» units
| Wisp | 46 | |
| Archer | 26 | |
| Razormane Medicine Man | 1 | |
| Hippogryph | 13 | |
| Dryad | 8 | |
| Peon | 2 | |
| Troll Headhunter/Berserker | 6 | |
102 total
» upgrades
| Improved Bows | 1 | |
| Hippogryph Taming | 1 | |
| Marksmanship | 1 | |
| Abolish Magic | 1 | |
4 total
» buildings
| Altar of Elders | 3 | |
| Moon Well | 15 | |
| Ancient of War | 6 | |
| Tree of Ages | 1 | |
| Ancient of Wonders | 2 | |
| Hunter's Hall | 2 | |
| Ancient of Wind | 3 | |
| Tree of Eternity | 1 | |
| Tree of Life | 4 | |
| Ancient of Lore | 2 | |
| Orc Burrow | 6 | |
| Watch Tower | 2 | |
47 total
» build order
00:10 Altar of Elders
00:12 Moon Well
00:52 Ancient of War
01:32 Moon Well
01:56 Ancient of War
02:26 Moon Well
04:35 Moon Well
04:36 Tree of Ages
05:20 Moon Well
06:12 Ancient of Wonders
06:35 Hunter's Hall
07:31 Ancient of Wind
07:33 Tree of Eternity
08:45 Tree of Life
10:33 Ancient of Wind
11:03 Tree of Life
11:08 Tree of Life
12:12 Hunter's Hall
14:04 Ancient of Wonders
15:15 Ancient of Wind
18:59 Ancient of War
19:02 Ancient of War
21:03 Ancient of Lore
21:07 Ancient of Lore
22:30 Altar of Elders
23:02 Moon Well
23:04 Moon Well
23:06 Moon Well
23:08 Moon Well
23:36 Moon Well
24:41 Moon Well
29:36 Tree of Life
34:14 Ancient of War
34:16 Ancient of War
34:25 Moon Well
34:26 Moon Well
34:28 Moon Well
36:19 Altar of Elders
36:38 Orc Burrow
36:42 Orc Burrow
38:42 Orc Burrow
38:44 Orc Burrow
38:50 Orc Burrow
39:12 Moon Well
42:33 Orc Burrow
49:18 Watch Tower
49:22 Watch Tower
» items
| Periapt of Vitality | 2 | |
| Scroll of Town Portal | 4 | |
| Orb of Venom | 1 | |
7 total
team 2 (winner)
thaikid (
orange | 66 APM | 2905 actions | 43:54)
8 Dark Ranger
3 Black Arrow
3 Silence
1 Charm
1 Life Drain
7 Priestess of the Moon
3 Trueshot Aura
3 Searing Arrows
1 Starfall
» actions
| Basic commands | 1 | |
| Build / train | 133 | |
| ESC pressed | 4 | |
| Enter build submenu | 31 | |
| Enter hero's abilities submenu | 16 | |
| Give item / drop item | 3 | |
| Remove unit from queue | 2 | |
| Right click | 1676 | |
| Select / deselect | 879 | |
| Use ability | 160 | |
2905 total
» units
| Wisp | 35 | |
| Archer | 11 | |
| Hippogryph | 8 | |
54 total
» upgrades
| Strength of the Moon | 4 | |
| Moon Armor | 4 | |
| Reinforced Hides | 2 | |
| Improved Bows | 1 | |
| Hippogryph Taming | 1 | |
| Strength of the Wild | 3 | |
15 total
» buildings
| Moon Well | 6 | |
| Ancient of War | 2 | |
| Altar of Elders | 1 | |
| Hunter's Hall | 1 | |
| Tree of Ages | 4 | |
| Tree of Life | 4 | |
| Ancient of Wind | 2 | |
| Ancient Protector | 8 | |
| Tree of Eternity | 2 | |
| Ancient of Wonders | 1 | |
31 total
» build order
00:25 Moon Well
00:47 Ancient of War
01:05 Moon Well
01:12 Altar of Elders
02:28 Hunter's Hall
03:17 Tree of Ages
03:18 Tree of Ages
04:09 Moon Well
05:02 Moon Well
06:29 Ancient of War
07:03 Tree of Life
08:30 Tree of Life
08:36 Ancient of Wind
08:42 Tree of Life
09:50 Ancient Protector
09:51 Tree of Eternity
09:51 Tree of Eternity
11:09 Ancient Protector
11:12 Ancient of Wind
11:15 Ancient Protector
11:37 Ancient Protector
12:28 Ancient Protector
12:48 Ancient Protector
14:46 Ancient Protector
15:27 Ancient Protector
17:18 Tree of Life
17:49 Ancient of Wonders
18:38 Moon Well
19:08 Moon Well
23:22 Tree of Ages
23:22 Tree of Ages
» items
| Lesser Clarity Potion | 2 | |
| Circlet of Nobility | 6 | |
| Dust of Appearance | 1 | |
| Scroll of Healing | 1 | |
| Scroll of Protection | 3 | |
| Potion of Lesser Invulnerability | 1 | |
| Orb of Venom | 1 | |
| Scroll of Town Portal | 7 | |
| Anti-magic Potion | 1 | |
| Orb of Lightning | 1 | |
| Scroll of Speed | 1 | |
| Potion of Healing | 2 | |
27 total
Guinplen (
purple | 122 APM | 6157 actions | 50:29)
10 Priestess of the Moon
3 Trueshot Aura
3 Searing Arrows
1 Starfall
3 Scout
1 Dark Ranger
1 Life Drain
» actions
| Assign group hotkey | 93 | |
| Basic commands | 56 | |
| Build / train | 145 | |
| ESC pressed | 12 | |
| Enter build submenu | 35 | |
| Enter hero's abilities submenu | 12 | |
| Give item / drop item | 4 | |
| Right click | 2086 | |
| Select / deselect | 1259 | |
| Select group hotkey | 2265 | |
| Use ability | 190 | |
6157 total
» units
| Wisp | 52 | |
| Archer | 6 | |
| Dryad | 10 | |
| Mountain Giant | 4 | |
| Druid of the Claw | 2 | |
| Hippogryph | 7 | |
81 total
» upgrades
| Ultravision | 1 | |
| Strength of the Wild | 2 | |
| Reinforced Hides | 2 | |
| Improved Bows | 1 | |
| Abolish Magic | 1 | |
| Hardened Skin | 1 | |
| Resistant Skin | 1 | |
| Druid of the Claw Training | 2 | |
| Mark of the Claw | 1 | |
| Nature's Blessing | 1 | |
| Backpack | 1 | |
14 total
» buildings
| Moon Well | 7 | |
| Altar of Elders | 1 | |
| Ancient of War | 1 | |
| Tree of Ages | 4 | |
| Hunter's Hall | 1 | |
| Tree of Life | 3 | |
| Ancient of Wonders | 3 | |
| Ancient of Lore | 7 | |
| Tree of Eternity | 3 | |
| Ancient Protector | 13 | |
| Ancient of Wind | 4 | |
47 total
» build order
00:21 Moon Well
00:47 Altar of Elders
01:00 Ancient of War
01:14 Moon Well
01:58 Moon Well
03:08 Tree of Ages
04:06 Hunter's Hall
05:18 Tree of Life
05:29 Ancient of Wonders
05:37 Ancient of Lore
05:38 Ancient of Lore
05:48 Ancient of Lore
05:50 Ancient of Lore
06:29 Ancient of Lore
07:24 Moon Well
11:00 Moon Well
12:00 Tree of Eternity
12:00 Tree of Eternity
14:20 Ancient Protector
14:21 Ancient Protector
14:43 Ancient Protector
14:46 Ancient Protector
17:14 Moon Well
21:13 Moon Well
29:27 Tree of Life
34:03 Ancient of Wonders
38:46 Ancient Protector
39:13 Ancient of Wonders
39:19 Ancient Protector
39:20 Ancient Protector
39:31 Ancient Protector
39:49 Ancient Protector
39:54 Ancient Protector
41:36 Tree of Life
42:34 Ancient Protector
42:34 Ancient Protector
42:36 Ancient Protector
44:46 Ancient of Wind
44:47 Ancient of Wind
44:47 Ancient of Wind
44:55 Ancient of Wind
47:36 Ancient of Lore
47:37 Ancient of Lore
» items
| Scroll of Town Portal | 3 | |
| Potion of Healing | 3 | |
| Dust of Appearance | 1 | |
| Anti-magic Potion | 3 | |
| Boots of Speed | 1 | |
| Scroll of Healing | 1 | |
| Potion of Lesser Invulnerability | 1 | |
| Staff of Teleportation | 2 | |
15 total

»
angel-legna (
green | 106 APM | 5331 actions | 50:30)
9 Blademaster
3 Wind Walk
3 Critical Strike
1 Bladestorm
2 Mirror Image
7 Shadow Hunter
3 Hex
3 Healing Wave
1 Big Bad Voodoo
» actions
| Assign group hotkey | 46 | |
| Basic commands | 5 | |
| Build / train | 147 | |
| ESC pressed | 12 | |
| Enter build submenu | 51 | |
| Enter hero's abilities submenu | 17 | |
| Give item / drop item | 6 | |
| Right click | 1899 | |
| Select / deselect | 1395 | |
| Select group hotkey | 1444 | |
| Use ability | 308 | |
5331 total
» units
| Peon | 41 | |
| Grunt | 4 | |
| Shaman | 11 | |
| Tauren | 16 | |
| Spirit Walker | 2 | |
| Demolisher | 4 | |
78 total
» upgrades
| Melee Weapons | 2 | |
| Berserker Strength | 1 | |
| Armor | 3 | |
| Shaman Training | 2 | |
| Pulverize | 1 | |
| Reinforced Defenses | 1 | |
| Burning Oil | 1 | |
11 total
» buildings
| Altar of Storms | 1 | |
| Orc Burrow | 6 | |
| Barracks | 1 | |
| Voodoo Lounge | 1 | |
| Stronghold | 1 | |
| Great Hall | 10 | |
| War Mill | 1 | |
| Fortress | 1 | |
| Watch Tower | 20 | |
| Spirit Lodge | 1 | |
| Tauren Totem | 2 | |
45 total
» build order
00:06 Altar of Storms
00:20 Orc Burrow
00:35 Barracks
01:27 Orc Burrow
01:51 Voodoo Lounge
03:10 Stronghold
04:24 Great Hall
04:46 War Mill
06:21 Orc Burrow
07:46 Fortress
08:05 Watch Tower
08:47 Spirit Lodge
09:44 Orc Burrow
09:45 Orc Burrow
09:48 Watch Tower
10:13 Tauren Totem
10:14 Tauren Totem
12:37 Orc Burrow
16:40 Watch Tower
16:42 Watch Tower
16:44 Watch Tower
16:55 Watch Tower
18:19 Great Hall
23:01 Great Hall
23:56 Watch Tower
23:58 Watch Tower
24:14 Watch Tower
27:31 Watch Tower
27:32 Watch Tower
27:33 Watch Tower
28:24 Watch Tower
28:26 Watch Tower
29:28 Watch Tower
29:29 Watch Tower
29:34 Great Hall
34:00 Great Hall
35:08 Great Hall
37:49 Great Hall
39:52 Watch Tower
41:21 Great Hall
42:21 Great Hall
45:45 Watch Tower
45:45 Watch Tower
45:46 Watch Tower
47:35 Great Hall
» items
| Healing Salve | 14 | |
| Boots of Speed | 1 | |
| Dust of Appearance | 1 | |
| Lesser Clarity Potion | 11 | |
| Scroll of Town Portal | 8 | |
| Potion of Lesser Invulnerability | 1 | |
| Orb of Lightning | 1 | |
| Staff of Preservation | 1 | |
38 total
fallenrangers (
red | 78 APM | 3918 actions | 50:29)
6 Keeper of the Grove
3 Entangling Roots
1 Thorns Aura
1 Force of Nature
1 Tranquility
» actions
| Assign group hotkey | 21 | |
| Build / train | 89 | |
| ESC pressed | 25 | |
| Enter build submenu | 36 | |
| Enter hero's abilities submenu | 7 | |
| Right click | 1533 | |
| Select / deselect | 848 | |
| Select group hotkey | 1206 | |
| Use ability | 153 | |
3918 total
» units
| Wisp | 43 | |
| Archer | 13 | |
| Hippogryph | 16 | |
72 total
» upgrades
| Hippogryph Taming | 1 | |
| Strength of the Moon | 1 | |
| Moon Armor | 1 | |
| Improved Bows | 1 | |
4 total
» buildings
| Altar of Elders | 2 | |
| Moon Well | 13 | |
| Ancient of War | 2 | |
| Tree of Ages | 3 | |
| Ancient of Wonders | 2 | |
| Hunter's Hall | 1 | |
| Ancient of Wind | 6 | |
| Ancient Protector | 3 | |
| Tree of Life | 4 | |
36 total
» build order
00:22 Altar of Elders
00:23 Moon Well
00:26 Moon Well
01:03 Ancient of War
01:39 Moon Well
02:47 Tree of Ages
02:58 Ancient of Wonders
03:47 Hunter's Hall
05:47 Ancient of Wind
05:51 Ancient of Wind
06:25 Moon Well
07:07 Moon Well
07:54 Moon Well
10:12 Ancient Protector
10:14 Ancient Protector
10:16 Ancient Protector
10:55 Ancient of Wonders
15:13 Tree of Life
16:13 Tree of Life
22:37 Tree of Life
24:34 Altar of Elders
24:36 Moon Well
31:25 Tree of Ages
31:28 Moon Well
33:30 Ancient of War
33:55 Ancient of Wind
33:57 Ancient of Wind
34:54 Moon Well
35:59 Moon Well
39:38 Tree of Life
41:44 Moon Well
42:26 Tree of Ages
45:00 Ancient of Wind
46:31 Ancient of Wind
47:27 Moon Well
47:29 Moon Well
» items
| Dust of Appearance | 1 | |
| Scroll of Town Portal | 1 | |
| Orb of Lightning | 1 | |
3 total
Chat log
(00:31 / Allies) Guinplen: potm
(00:32 / Allies) Guinplen: me
(00:37 / Allies) thaikid: dr
(00:37 / Allies) thaikid: me
(00:38 / Allies) thaikid:
(02:20 / Allies) Guinplen: tauren
(02:21 / Allies) Guinplen: mass
(02:24 / Allies) Guinplen: berserkers
(05:49 / All) angel-legna: byhe
(05:57 / Allies) fallenrangers: wtf
(05:58 / Allies) fallenrangers: .....
(07:12 / Allies) fallenrangers: wood plz
(07:26 / Allies) angel-legna: red idiot
(07:31 / Allies) thaikid: dispel
(07:38 / Allies) fallenrangers: shut the fuck up gaylord
(07:42 / Allies) angel-legna: nap
(08:29 / Allies) Guinplen: orc
(08:30 / Allies) Guinplen: ogog
(09:04 / Allies) angel-legna: tp
(09:06 / Allies) angel-legna: all
(10:04 / Allies) angel-legna: get tower
(10:17 / Allies) thaikid: GOLD PIS
(10:29 / Allies) thaikid: ty
(11:53 / Allies) fallenrangers: purple share gold...
(12:09 / Allies) Guinplen: come
(12:11 / Allies) Guinplen: stop
(12:13 / Allies) Guinplen: stayin
(12:15 / Allies) Guinplen: g
(12:20 / Allies) fallenrangers: use gold noob
(12:27 / Allies) fallenrangers: or share
(12:31 / Allies) angel-legna: a
(12:32 / Allies) angel-legna: take
(12:41 / Allies) thaikid: ty
(12:57 / Allies) fallenrangers: tp
(13:05 / Allies) angel-legna: leave it
(13:10 / Allies) angel-legna: b orange
(13:17 / Allies) Guinplen: all b
(13:34 / Allies) fallenrangers: b
(13:51 / Allies) angel-legna: attack
(14:03 / Allies) Guinplen: meet
(14:05 / Allies) Guinplen: fuckers
(14:07 / Allies) angel-legna: fuck u
(14:08 / Allies) angel-legna: napps
(15:19 / Allies) fallenrangers: meet
(15:28 / Allies) angel-legna: tp or not
(15:35 / Allies) Guinplen: tp
(15:35 / Allies) fallenrangers: y tp
(15:42 / Allies) fallenrangers: NOW
(16:18 / Allies) thaikid: move
(16:42 / Allies) fallenrangers: go
(17:37 / Allies) angel-legna: main
(17:38 / Allies) angel-legna: fast
(18:09 / Allies) angel-legna: b
(18:50 / Allies) thaikid: gold for ytp
(18:51 / Allies) thaikid: fasyt
(19:01 / Allies) angel-legna: giants...
(19:03 / Allies) angel-legna: useless
(19:06 / Allies) angel-legna: get bear dryad
(19:12 / Allies) Guinplen: k
(19:23 / Allies) thaikid: get dispel
(19:36 / Allies) fallenrangers: tp
(19:37 / Allies) fallenrangers: now
(20:02 / Allies) fallenrangers: hippo vs gryphon
(20:02 / Allies) fallenrangers: go
(21:01 / Allies) fallenrangers: kill pink
(21:02 / Allies) fallenrangers: fast
(22:08 / Allies) fallenrangers: gj
(22:14 / Allies) fallenrangers: blue and yellow were attacking me lo
(22:17 / Allies) fallenrangers: l
(22:56 / Allies) fallenrangers: they have no gold
(24:20 / Allies) fallenrangers: careful
(24:57 / Allies) fallenrangers: giants first
(24:58 / Allies) fallenrangers: :P
(25:14 / Allies) fallenrangers: pink
(25:29 / Allies) Guinplen: kill
(26:59 / Allies) fallenrangers: they go orange
(27:20 / Allies) thaikid: so pro team
(27:26 / Allies) fallenrangers: make exe
(27:28 / Allies) fallenrangers: orange
(27:33 / Allies) thaikid: lol they killing it
(27:34 / Allies) thaikid: no
(27:39 / Allies) angel-legna: tp
(27:44 / Allies) fallenrangers: not yet
(29:13 / Allies) Guinplen: fucking orc
(29:19 / Allies) Guinplen: need kill ot
(29:20 / Allies) angel-legna: rofl
(29:20 / Allies) Guinplen: it
(29:35 / Allies) fallenrangers: meet
(29:49 / Allies) angel-legna: w8 at miy
(29:58 / Allies) fallenrangers: purple back
(29:58 / Allies) angel-legna: idiot
(29:58 / Allies) fallenrangers: omg
(29:59 / Allies) angel-legna: back
(30:27 / All) Girgoo: tp
(30:41 / Allies) fallenrangers: goooooo
(31:19 / Allies) thaikid: dont go tp
(31:34 / Allies) fallenrangers: kill air first
(31:59 / Allies) Guinplen: tp?
(32:04 / All) Girgoo: lol pink
(32:06 / Allies) fallenrangers: no
(32:10 / Allies) angel-legna: i can tp
(32:10 / Allies) fallenrangers: go
(32:11 / Allies) fallenrangers: kill
(32:17 / Allies) fallenrangers: that would be useless lol
(32:21 / Allies) fallenrangers: melee vs air? :p
(33:22 / Allies) fallenrangers: gj
(34:06 / Allies) fallenrangers: they make air
(34:08 / Allies) fallenrangers: i think
(34:10 / Allies) fallenrangers: ill make hippo
(34:22 / Allies) fallenrangers: ty
(34:28 / Allies) angel-legna: 100 pls
(34:44 / Allies) fallenrangers: gay orc
(36:25 / Allies) Guinplen: hippo
(36:36 / Allies) fallenrangers: omw
(37:07 / Allies) fallenrangers: theyre here
(37:11 / Allies) Guinplen: i have
(37:12 / Allies) Guinplen: t
(37:14 / Allies) Guinplen: tp
(37:14 / Allies) angel-legna: tp?
(37:20 / Allies) thaikid: nop
(37:21 / Allies) thaikid: no
(37:25 / Allies) thaikid: hippos
(37:30 / Allies) fallenrangers: ?
(37:31 / Allies) fallenrangers: why not
(37:36 / Allies) thaikid: NB
(37:37 / Allies) thaikid: >NO
(37:46 / Allies) fallenrangers: help? :p
(38:11 / Allies) Guinplen: meet
(38:19 / Allies) fallenrangers: come then :)
(38:51 / Allies) thaikid: b
(38:52 / Allies) thaikid: red
(38:57 / Allies) Guinplen: b
(38:57 / Allies) Guinplen: b
(39:23 / Allies) thaikid: b
(39:46 / Allies) fallenrangers: all
(39:55 / Allies) thaikid: help noobs ?
(40:12 / Allies) fallenrangers: kill exe
(40:37 / Allies) Guinplen: tp?
(40:42 / Allies) fallenrangers: no
(41:02 / Allies) fallenrangers: go
(41:03 / Allies) fallenrangers: attack them
(41:20 / Allies) Guinplen: tp?
(41:25 / Allies) fallenrangers: ye
(41:44 / Allies) angel-legna: i can do voodoo here
(41:58 / Allies) fallenrangers: tp if they come?
(42:20 / Allies) fallenrangers: go
(42:21 / Allies) fallenrangers: kill m
(42:24 / All) Girgoo: ready to attack us?
(42:24 / Allies) angel-legna: wood pls
(42:32 / Allies) angel-legna: ty
(42:41 / Allies) fallenrangers: u make bats?
(42:45 / Allies) fallenrangers: peon
(43:19 / Allies) fallenrangers: vodooooo
(43:21 / Allies) thaikid: lol 2 potm lvl 6
(43:25 / Allies) thaikid: hah gg
(43:54 / All) angel-legna: so leave :)
(44:35 / Allies) fallenrangers: b a bit
(44:36 / Allies) fallenrangers: ?
(44:51 / Allies) fallenrangers: i do hippo
(45:10 / Allies) fallenrangers: green
(45:12 / Allies) fallenrangers: u take orange?
(45:19 / Allies) angel-legna: cant u?
(45:23 / Allies) fallenrangers: sure
(45:31 / Allies) angel-legna: shit
(45:38 / Allies) fallenrangers: np
(45:51 / Allies) fallenrangers: mass hippo = dead gryphon :)
(46:27 / Allies) fallenrangers: check
(47:07 / Allies) fallenrangers: towers are their only defense
(47:27 / Allies) angel-legna: doing catas
(47:44 / Allies) fallenrangers: we win anyway
(47:47 / Allies) fallenrangers: just a matter of time
(48:58 / Allies) fallenrangers: go starfal?
(49:02 / Allies) angel-legna: catas inc
(49:56 / All) Girgoo: what a nice combo
(50:04 / All) fallenrangers: :D
(50:07 / All) Girgoo: bolt do not work on you
(50:13 / All) fallenrangers: heal, 2x starfall, voodoo